 Dungeon Crawl Stone Soup version 0.28.0-45-g0d030f2227 (webtiles) character file.

Game seed: 13898764656693603546

55372 zeratav the Black Sun (level 14, -3/82 HPs)
             Began as a Tengu Summoner on Apr 10, 2022.
             Was a High Priest of Kikubaaqudgha.
             Shot with an arrow by a centaur (5 damage)
             ... on level 2 of the Orcish Mines on Apr 11, 2022.
             The game lasted 02:37:35 (35272 turns).

zeratav the Black Sun (Tengu Summoner)             Turns: 35272, Time: 02:37:35

Health: -3/82      AC:  7    Str: 14    XL:     14   Next: 77%
Magic:  2/29       EV: 14    Int: 30    God:    Kikubaaqudgha [*****.]
Gold:   1257       SH:  5    Dex: 15    Spells: 7/33 levels left

rFire   + . .      SeeInvis .   n - +7 flail of Departure {freeze, *Rage rN++ rCorr Int+4, mace}
rCold   + + .      Faith    .   (no shield)
rNeg    + + .      Spirit   .   N - +1 robe {rC+ rF+}
rPois   +          Reflect  +   a - +1 hat "Olicesh" {rC+ Str+5}
rElec   .          Harm     .   l - +0 cloak
rCorr   +          Rampage  .   K - +1 pair of gloves
Will    +....      Rage     20% (boots unavailable)
Stlth   ++++......              y - amulet of reflection
HPRegen 0.23/turn               c - ring of poison resistance
MPRegen 0.21/turn               o - +6 ring of intelligence

@: flying quickly and evasively, quick
A: beak, talons 3, nimble flight
a: Renounce Religion, Receive Corpses, Torment


You were on level 2 of the Orcish Mines.
You worshipped Kikubaaqudgha.
Kikubaaqudgha was extremely pleased with you.
You visited 4 branches of the dungeon, and saw 19 of its levels.
You also visited: Ossuary and Bailey.

You collected 1257 gold pieces.


Innate Abilities, Weirdness & Mutations

You have a beak for a mouth.
You have claws for feet.
Your magical nature lets you fly swiftly and evasively.


   Skills:
 + Level 7.3 Fighting
 - Level 5.5 Polearms
 - Level 2.1 Dodging
 - Level 10.0 Stealth
 - Level 10.0 Spellcasting
 - Level 15.7 Summonings
 * Level 16.2 Necromancy
 - Level 2.6 Evocations


You had 7 spell levels left.
You knew the following spells:

 Your Spells              Type           Power      Damage    Failure   Level
a - Animate Dead          Necr           42%        N/A       1%          4
b - Borgnjor's Vile Clut  Necr/Erth      29%        N/A       3%          5
c - Summon Lightning Spi  Summ/Air       58%        N/A       1%          4
d - Summon Guardian Gole  Hex/Summ       58%        N/A       1%          3
e - Summon Hydra          Summ           41%        N/A       4%          7
s - Call Canine Familiar  Summ           83%        N/A       0%          3

Your spell library contained the following spells:

 Spells                   Type           Power      Damage    Failure   Level
 Animate Skeleton         Necr           100%       N/A       0%          1
 Summon Small Mammal      Summ           100%       N/A       0%          1
 Call Imp                 Summ           83%        N/A       0%          2
 Sublimation of Blood     Necr           85%        N/A       0%          2
 Vampiric Draining        Necr           85%        2d12      0%          3
 Corpse Rot               Necr/Air       100%       N/A       1%          2
 Animate Armour           Summ/Erth      100%       N/A       1%          4
 Dispel Undead            Necr           85%        3d27      1%          4
 Excruciating Wounds      Necr           42%        N/A       1%          5
 Beastly Appendage        Tmut           30%        N/A       3%          1
 Freeze                   Ice            60%        1d8       3%          1
 Magic Dart               Conj           60%        1d6       3%          1
 Slow                     Hex            60%        N/A       3%          1
 Wereblood                Tmut           15%        N/A       5%          2
 Confusing Touch          Hex            15%        N/A       11%         3
 Dazzling Flash           Conj/Hex       30%        N/A       11%         3
 Frozen Ramparts          Ice            30%        1d5       11%         3
 Mephitic Cloud           Conj/Pois/Air  15%        N/A       11%         3
 Spider Form              Tmut/Pois      15%        N/A       11%         3
 Simulacrum               Ice/Necr       29%        N/A       19%         6
 Hailstorm                Conj/Ice       15%        3d5       34%         4
 Ice Form                 Ice/Tmut       15%        N/A       34%         4
 Iskenderun's Mystic Bla  Conj/Tloc      15%        2d5       34%         4
 Blade Hands              Tmut           7%         N/A       67%         5
 Iron Shot                Conj/Erth      7%         9d2       99%         6
 Starburst                Conj/Fire      7%         6d4       99%         6

Inventory:

Hand Weapons
 n - the +7 flail of Departure (weapon) {freeze, *Rage rN++ rCorr Int+4, mace}
   (You found it on level 9 of the Dungeon)

   It freezes those it strikes, dealing additional cold damage.
   It can also slow down cold-blooded creatures.
   Int:       It affects your intelligence (+4).
   rN:        It greatly protects you from negative energy.
   *Rage:     It berserks you when you make melee attacks (+20% chance).
   rCorr:     It protects you from acid and corrosion.
 A - a +3 spear {polearm}
   (You took it off a wight on level 9 of the Dungeon)
 U - a +4 executioner's axe of electrocution {axerare=g}
   (You took it off Rupert on level 5 of the Lair of Beasts)
Missiles
 O - a curare-tipped dart {=fthrowing}
Armour
 a - the +1 hat "Olicesh" (worn) {rC+ Str+5}
   (You acquired it on level 7 of the Dungeon)

   Str:       It affects your strength (+5).
   rC:        It protects you from cold.
 l - a +0 cloak (worn)
   (You found it on level 2 of the Dungeon)
 K - a +1 pair of gloves (worn)
   (You found it on level 10 of the Dungeon)
 N - a +1 robe of resistance (worn)
   (You found it on level 7 of the Dungeon)
 T - the +1 robe "Oghuicin" {Dex+7}
   (You found it on level 4 of the Lair of Beasts)

   Dex:       It affects your dexterity (+7).
 V - a +2 chain mail of fire resistance
   (You took it off Rupert on level 5 of the Lair of Beasts)
Jewellery
 c - a ring of poison resistance (left hand)
   (You found it on level 2 of the Dungeon)
 e - an amulet of faith {!P}
   (You found it on level 8 of the Dungeon)
 o - a +6 ring of intelligence (right hand)
   (You found it on level 3 of the Dungeon)
 q - a ring of ice
   (You found it on level 10 of the Dungeon)
 y - an amulet of reflection (around neck)
   (You found it on level 5 of the Dungeon)
 M - a ring of see invisible
   (You found it on level 7 of the Dungeon)
 R - a ring of ice
   (You found it on level 2 of the Lair of Beasts)
Wands
 v - a wand of acid (4)
   (You found it on level 10 of the Dungeon)
 E - a wand of flame (39)
   (You found it on level 6 of the Dungeon)
 F - a wand of mindburst (34)
   (You found it on level 6 of the Dungeon)
 H - a wand of paralysis (5)
   (You found it on level 10 of the Dungeon)
 S - a wand of polymorph (13)
   (You found it on level 2 of the Lair of Beasts)
Scrolls
 b - a scroll of teleportation {@r4}
 f - 5 scrolls of amnesia
 h - 5 scrolls of torment {!r}
 k - 6 scrolls of vulnerability {!r!r}
 p - 3 scrolls of fog
 x - 2 scrolls of holy word
 z - a scroll of magic mapping {!r}
 B - 4 scrolls of enchant weapon
 C - 2 scrolls of summoning
 P - a scroll of blinking {!r}
 Q - 2 scrolls of fear
 W - a scroll of silence {!r}
Potions
 d - 2 potions of brilliance
 g - 9 potions of curing {@q1}
 i - 3 potions of haste {@q3}
 j - 6 potions of flight {unknown}
 r - 5 potions of magic {unknown}
 s - a potion of invisibility {unknown}
 t - 4 potions of attraction {unknown}
 u - 3 potions of mutation {unknown}
 w - a potion of ambrosia {unknown}
 D - 3 potions of lignification {unknown}
 G - 3 potions of berserk rage {unknown}
 I - 3 potions of heal wounds {unknown}
 J - 2 potions of cancellation {unknown}
Miscellaneous
 L - a box of beasts
   (You found it on level 1 of the Lair of Beasts)

Dungeon Overview and Level Annotations

Branches:
Dungeon (10/15)            Temple (1/1) D:4            Lair (6/6) D:10
  Swamp (0/4) Lair:4        Snake (0/4) Lair:3        Slime (0/5) Lair:5
    Orc (2/2) D:10        Ossuary (visited)          Bailey (visited)
    Elf: Orc:2

Altars:
Ashenzari
Cheibriados
Dithmenos
Elyvilon
Fedhas
Gozag
Hepliaklqana
Kikubaaqudgha
Makhleb
Nemelex Xobeh
Okawaru
Qazlal
Ru
Sif Muna
Trog
Uskayaw
Vehumet
Wu Jian
Xom
Yredelemnul
Zin
The Shining One
Jiyva

Shops:
D:10 [

Annotations:
D:3 2 runed translucent doors, Jingleheimer's ghost, amateur DjCj
D:8 exclusions: ice statue and orange crystal statue
Lair:6 Icepheonix32's ghost, journeyman DsFi
Orc:1 Erolcha; Jorgrun
Orc:2 Maurice

#..#..........
##.............
.##...#..........
...c.............
.C.c.............
.$...............
.................
..........O......
###....@o........o^..
#.......o@..........
####.................^#
##.......o...o...$......
#......#....o....$.....##
#....#.....oo..........#
##........ooo....$.#...#
##..#.....oo.......#.#
#..)........o......#


You could see Maurice, a cyclops, 2 orc warriors, an ogre, 2 centaurs, 2 orc
priests, 2 orc wizards and 6 orcs.


Message History

An ogre, an orc warrior, an orc and an orc sorcerer come into view.
The orc sorcerer gestures wildly while chanting.
The orc shouts!
You hear a shout!
The ogre shouts!
You hear a shout! x2
An orc comes into view. It is wielding a +0 mace.
An orc comes into view. It is wielding a +0 dagger.
MP[+1] HP[+1]
Casting: Summon Hydra (dangerous; 4% risk of failure)
Confirm with . or Enter, or press ? or * to list all spells.
An electric hum fills the air.
An orc comes into view. It is wielding a +0 whip.
MP[-4]
You lost 4 mp, and now have 2/29 mp.
What are your orders? t - Shout!
Orders for allies: a - Attack new target. r - Retreat! s - Stop attacking. g - Guard the area. f - Follow me.
Anything else - Cancel.
Gang up on whom?
Press: ? - help, Dir - move target, f - ogre
Aim: an ogre, wielding a +0 giant club (ally target) Attack!
The ogre closely misses you.
Your lightning spire shoots out a bolt of lightning at the ogre!
The bolt of electricity hits the ogre.
The bolt of electricity hits the ogre!
The bolt of electricity hits your lightning spire.
Your lightning spire completely resists.
What are your orders? t - Shout!
Orders for allies: a - Attack new target. p - Attack previous target. r - Retreat! s - Stop attacking. g - Guard the area. f - Follow me.
Anything else - Cancel.
Gang up on whom?
Press: ? - help, Dir - move target, f/p - ogre
Aim: an ogre, wielding a +0 giant club (severely wounded, ally target) Attack!
HP[+1] MP[+1]
Casting: Summon Lightning Spire (mildly dangerous; 1% risk of failure)
Confirm with . or Enter, or press ? or * to list all spells.
A guardian golem appears, shielding your allies.
The sun demon hits your lightning spire.
Your lightning spire is engulfed in flames.
Your lightning spire resists.
The ogre hits your lightning spire with a +0 giant club!
The orc warrior hits your lightning spire with a +0 scimitar!!
The sun demon hits your lightning spire but does no damage.
Your lightning spire shoots out a bolt of lightning at the ogre!
The bolt of electricity hits the ogre!
The ogre dies!
Kikubaaqudgha accepts your kill.
The bolt of electricity hits your lightning spire but does no damage.
MP[-3]
You lost 3 mp, and now have 0/29 mp.
The sun demon hits your lightning spire but does no damage.
The orc hits your lightning spire but does no damage.
Your lightning spire shoots out a bolt of lightning at the sun demon!
The bolt of electricity misses the sun demon.
The bolt of electricity hits the sun demon.
The sun demon resists.
The bolt of electricity hits your lightning spire.
Your lightning spire completely resists.
As you read the scroll of teleportation {@r4}, it crumbles to dust.
You feel strangely unstable.
The orc warrior hits your lightning spire but does no damage.
The orc hits your lightning spire but does no damage.
The sun demon hits you but does no damage.
The orc warrior hits your lightning spire with a +0 scimitar!
The orc hits your lightning spire but does no damage.
HP[+1] MP[+1]
Your surroundings suddenly seem different.
An orc wizard comes into view. It is wielding a +0 dagger.
The ogre shouts!
The orc priest shouts!
You hear a shout! x4
You hear a shout!
The orc priest mumbles some strange prayers to Beogh against you.
Beogh smites you!
* * * LOW HITPOINT WARNING * * *
A centaur comes into view.
You hear a shout! x2
HP[-13]
You take 13 damage, and now have 12/82 hp.
A cyclops comes into view.
The centaur wields a +0 shortbow.
The centaur shoots an arrow.
The arrow closely misses you.
The orc priest invokes the aid of Beogh against you.
You resist with significant effort.
The centaur shoots an arrow.
The arrow closely misses you.
The orc priest mumbles some strange prayers to Beogh against you.
You are unaffected.
The centaur shoots an arrow.
The arrow hits you!
* * * LOW HITPOINT WARNING * * *
You hear a shout!
HP[-10]
You take 10 damage, and now have 2/82 hp.
The orc priest looks encouraged for a moment.
MP[+1]
A centaur comes into view.
The centaur shouts!
You hear a shout!
The centaur shoots an arrow.
The arrow hits you.
You die...
Kikubaaqudgha rasps: "You have failed me!
Welcome... death!"

Skill      XL: |  1  2  3  4  5  6  7  8  9 10 11 12 13 14 |
---------------+-------------------------------------------+-----
Summonings     | 5 6 7 8 9 11 13 15 | 15.7
Spellcasting   | 3 4 5 6 8 9 10 | 10.0
Necromancy     | 2 4 7 8 11 13 14 16 | 16.2
Stealth        | 3 5 7 8 10 | 10.0
Polearms       | 2 5 |  5.5
Evocations     | 2 |  2.6
Fighting       | 3 5 7 |  7.3
Dodging        | |  2.1

Action                   |  1- 3 |  4- 6 |  7- 9 | 10-12 | 13-15 || total
-------------------------+-------+-------+-------+-------+-------++-------
Melee: Short sword       |     9 |       |       |       |       ||     9
       Kick              |     1 |       |       |     6 |     8 ||    15
       Peck              |     1 |       |       |     4 |     6 ||    11
       Halberd           |       |       |       |     5 |       ||     5
       Flail             |       |       |       |    13 |    17 ||    30
       Unarmed           |       |       |       |       |    18 ||    18
       Punch             |       |       |       |       |     2 ||     2
 Fire: Hunting sling     |       |     4 |     6 |       |       ||    10
 Cast: Summon Small Mamm |    47 |    55 |    82 |    11 |       ||   195
       Call Canine Famil |    10 |    18 |    34 |    86 |    24 ||   172
       Animate Skeleton  |       |       |    22 |     4 |       ||    26
       Summon Guardian G |       |       |    15 |    84 |    29 ||   128
       Animate Dead      |       |       |       |    17 |    18 ||    35
       Summon Lightning  |       |       |       |    58 |   101 ||   159
       Summon Hydra      |       |       |       |       |    50 ||    50
       Borgnjor's Vile C |       |       |       |       |    18 ||    18
Invok: Receive Corpses   |       |       |     1 |     3 |       ||     4
Evoke: Wand              |       |       |       |     6 |     6 ||    12
  Use: Scroll            |       |     5 |       |    16 |    11 ||    32
       Potion            |       |       |       |     1 |     2 ||     3
Armor: Robe              |    12 |     8 |    10 |    26 |    45 ||   101
Dodge: Dodged            |    34 |    21 |    47 |   110 |   123 ||   335
Block: Other             |       |       |    11 |    38 |    53 ||   102
       Reflection        |       |       |     1 |     5 |     2 ||     8

Levels and vault maps discovered:
D:1:      dpeg_arrival_rooms_a, layout_loops_corners
D:2:      layout_basic, ebering_ecumenical_altar_hall
D:3:      layout_rooms, serial_undead, serial_undead_b, serial_undead_c,
          serial_undead_c, serial_undead_f, ebering_ghost_sewer_f
D:4:      layout_gridville, minmay_temple_entry_butterflies,
          minmay_misc_feat_rows, chequers_serial_rivers_micro_a
D:5:      lemuel_ratsnest, layout_gridville, st_stairs_9
D:6:      layout_rooms, enter_ossuary_2, grunt_ministairs_2,
          minmay_misc_feat_doors, minmay_misc_feat_rugged
D:7:      layout_cave_pools, mainiacjoe_overflow_24_doors, enter_bailey_3,
          uniq_pikel, uniq_duvessa
D:8:      minmay_separated_statues, layout_cave_pods, nicolae_overflows_in_rows
D:9:      layout_roguey
D:10:     minmay_slanted_spiral_squares, layout_layer_cave,
          minmay_lair_entry_grove, orc_0_dummy, serial_shops,
          kennysheep_mini_moat
Temple:   pf_slime_end_temple
Lair:1:   layout_roguey
Lair:2:   layout_cave_pods, st_stairs_5, grunt_forest_small_clearings,
          serial_bayou_shore_b
Lair:3:   pond_and_an_island_with_a_cottage, layout_concentric_octagons,
          minmay_snake_entry_guardpost_medium, uniq_gastronok
Lair:4:   layout_hall_layers, minmay_swamp_entry_worms,
          nicolae_quartered_pool_little
Lair:5:   layout_regular_city, minmay_slime_entry_oklob_open, uniq_rupert,
          uniq_kirke
Lair:6:   hangedman_lair_caniforms_friends, layout_concentric_octagons,
          guppyfry_lair_end_dragon, ebering_ghost_reflecting_pool,
          lightli_volcano_entry_magma_tube
Orc:1:    layout_caves, nicolae_orc_pool_cavern, uniq_jorgrun, uniq_erolcha,
          uniq_sonja
Orc:2:    st_orc_rangers, layout_caves, uniq_maurice

Notes
Turn   | Place    | Note
-------+----------+-------------------------------------------
     0 | D:1      | zeratav the Tengu Summoner began the quest for the Orb.
     0 | D:1      | Reached XP level 1. HP: 10/10 MP: 4/4
     0 | D:1      | magus.rc [v1.9.6]
   215 | D:1      | Reached skill level 5 in Summonings
   590 | D:1      | Reached XP level 2. HP: 14/15 MP: 3/6
  1520 | D:1      | Reached XP level 3. HP: 19/19 MP: 3/7
  1556 | D:1      | Learned a level 3 spell: Call Canine Familiar
  1938 | D:1      | You pick up a book of Spectacle and begin reading...
  1938 | D:1      | You add the spells Dazzling Flash, Iskenderun's Mystic
                  | Blast and Starburst to your library.
  2399 | D:1      | You pick up a book of Spectacle and begin reading...
  2962 | D:1      | Reached skill level 6 in Summonings
  3371 | D:2      | Reached XP level 4. HP: 20/24 MP: 2/9
  3470 | D:2      | You pick up a book of Changes and begin reading...
  3470 | D:2      | You add the spells Beastly Appendage, Wereblood and Spider
                  | Form to your library.
  3754 | D:2      | You pick up a book of Minor Magic and begin reading...
  3754 | D:2      | You add the spells Magic Dart and Mephitic Cloud to your
                  | library.
  3886 | D:2      | Found a faded altar of an unknown god.
  4432 | D:3      | Reached skill level 3 in Spellcasting
  4654 | D:3      | Gained mutation: Your magical nature lets you fly swiftly
                  | and evasively. [Tengu growth]
  4654 | D:3      | Reached XP level 5. HP: 28/28 MP: 5/10
  4930 | D:3      | Found a runed translucent door.
  4931 | D:3      | Noticed Jingleheimer's ghost (amateur DjCj)
  4952 | D:3      | Found a runed translucent door.
  5297 | D:4      | Reached skill level 7 in Summonings
  5673 | D:4      | Reached XP level 6. HP: 32/32 MP: 6/12
  6074 | D:4      | Reached skill level 8 in Summonings
  6313 | D:4      | Noticed a necrophage
  6325 | D:4      | Killed a necrophage
  6326 | D:4      | Reached skill level 4 in Spellcasting
  6568 | D:4      | Found a staircase to the Ecumenical Temple.
  6590 | Temple   | Entered the Ecumenical Temple
  6790 | Temple   | Became a worshipper of Kikubaaqudgha
  6939 | D:4      | Reached XP level 7. HP: 36/36 MP: 9/14
  7503 | D:5      | Entered Level 5 of the Dungeon
  7534 | D:5      | Reached skill level 1 in Necromancy
  7729 | D:5      | Reached skill level 9 in Summonings
  7735 | D:5      | Reached skill level 2 in Necromancy
  8448 | D:5      | Reached XP level 8. HP: 41/41 MP: 16/16
  8481 | D:5      | Reached * piety under Kikubaaqudgha
  8481 | D:5      | You add the spells Animate Skeleton, Corpse Rot,
                  | Sublimation of Blood and Vampiric Draining to your library.
  8481 | D:5      | Received a gift from Kikubaaqudgha
  8486 | D:5      | Learned a level 1 spell: Animate Skeleton
  8790 | D:5      | Learned a level 3 spell: Summon Guardian Golem
  8801 | D:5      | Reached skill level 3 in Necromancy
  8910 | D:6      | Found a sand-covered staircase.
  8915 | Ossuary  | Entered an ossuary
  8935 | Ossuary  | Reached skill level 10 in Summonings
  8936 | Ossuary  | Reached skill level 5 in Spellcasting
  9336 | D:6      | Reached skill level 4 in Necromancy
  9345 | D:6      | Reached skill level 11 in Summonings
  9483 | D:6      | You pick up a book of Iron and begin reading...
  9483 | D:6      | You add the spells Animate Armour, Blade Hands and Iron
                  | Shot to your library.
  9897 | D:7      | Found a broken altar of Ashenzari.
  9989 | D:7      | Reached XP level 9. HP: 45/45 MP: 7/17
 10040 | D:7      | Reached skill level 5 in Necromancy
 10168 | D:7      | Found a flagged portal.
 10175 | Bailey   | Entered a bailey
 10184 | Bailey   | Noticed an orc warlord
 10222 | Bailey   | Reached ** piety under Kikubaaqudgha
 10262 | Bailey   | Reached skill level 12 in Summonings
 10517 | Bailey   | Found a runed translucent gate.
 10518 | Bailey   | Found a runed translucent gate.
 10519 | Bailey   | Found a runed translucent gate.
 10812 | Bailey   | Killed an orc warlord
 10813 | Bailey   | Reached skill level 13 in Summonings
 10813 | Bailey   | Reached skill level 6 in Necromancy
 11163 | D:7      | Noticed Pikel
 11190 | D:7      | Killed Pikel
 11191 | D:7      | Reached skill level 3 in Stealth
 11191 | D:7      | Reached skill level 7 in Necromancy
 11191 | D:7      | Reached XP level 10. HP: 50/50 MP: 10/18
 11342 | D:7      | Acquired the +1 hat "Olicesh" {rC+ Str+5}
 11619 | D:7      | Noticed Duvessa
 11635 | D:7      | Noticed Dowan
 11647 | D:7      | Killed Duvessa
 11648 | D:7      | Reached skill level 14 in Summonings
 11660 | D:7      | Killed Dowan
 12196 | D:8      | Noticed a manticore
 12209 | D:8      | Killed a manticore
 12457 | D:8      | Found a white marble altar of Elyvilon.
 12458 | D:8      | Found a hide-covered altar of Uskayaw.
 12458 | D:8      | Found a shimmering blue altar of Sif Muna.
 12459 | D:8      | Found an ornate altar of the Wu Jian Council.
 12460 | D:8      | Found a burning altar of Makhleb.
 12460 | D:8      | Found a sacrificial altar of Ru.
 12461 | D:8      | Found an opulent altar of Gozag.
 12461 | D:8      | Found a glowing silver altar of Zin.
 12461 | D:8      | Found an iron altar of Okawaru.
 12463 | D:8      | Found a blossoming altar of Fedhas.
 12463 | D:8      | Found a glowing golden altar of the Shining One.
 12463 | D:8      | Found a stormy altar of Qazlal.
 12599 | D:8      | Reached *** piety under Kikubaaqudgha
 12599 | D:8      | You add the spells Animate Dead, Dispel Undead, Borgnjor's
                  | Vile Clutch, Excruciating Wounds and Simulacrum to your
                  | library.
 12599 | D:8      | Received a gift from Kikubaaqudgha
 12605 | D:8      | Learned a level 4 spell: Animate Dead
 12631 | D:8      | Reached skill level 4 in Stealth
 12993 | D:8      | Noticed an orange crystal statue
 13555 | D:8      | Noticed an ice statue
 14417 | D:9      | Identified the +7 flail of Departure {freeze, *Rage rN++
                  | rCorr Int+4}
 14562 | D:9      | Reached skill level 1 in Polearms
 14765 | D:9      | Reached skill level 8 in Necromancy
 15234 | D:9      | Learned a level 4 spell: Summon Lightning Spire
 15324 | D:9      | Reached skill level 15 in Summonings
 15713 | D:9      | Reached skill level 2 in Polearms
 16047 | D:10     | Entered Level 10 of the Dungeon
 16047 | D:10     | Found a staircase to the Orcish Mines.
 16091 | D:10     | Reached skill level 5 in Stealth
 16107 | D:10     | Noticed a gargoyle
 16110 | D:10     | Reached XP level 11. HP: 47/54 MP: 12/19
 16528 | D:10     | Reached skill level 3 in Polearms
 16544 | D:10     | Reached skill level 9 in Necromancy
 16822 | D:10     | Found a staircase to the Lair.
 17037 | D:10     | Found Lewyopt's Antique Armour Shoppe.
 17139 | D:10     | Noticed a sun demon
 17151 | D:10     | Noticed a soul eater
 17160 | D:10     | Reached **** piety under Kikubaaqudgha
 17305 | D:10     | You pick up a book of Blood and begin reading...
 17308 | D:10     | You pick up a book of the Tundra and begin reading...
 17308 | D:10     | You add the spells Hailstorm and Ice Form to your library.
 17616 | D:10     | Reached skill level 4 in Polearms
 17616 | D:10     | Reached skill level 6 in Spellcasting
 17622 | D:10     | Noticed a two-headed ogre
 17629 | D:10     | Killed a two-headed ogre
 17630 | D:10     | Reached skill level 10 in Necromancy
 17703 | D:10     | Noticed a deep elf pyromancer
 17721 | D:10     | Killed a deep elf pyromancer
 17796 | D:10     | Noticed a tengu warrior
 17800 | D:10     | Noticed a wolf spider
 17815 | D:10     | Killed a wolf spider
 17822 | D:10     | HP: 5/54 [tengu warrior/arrow (17)]
 18177 | D:10     | Noticed a manticore
 18186 | D:10     | HP: 10/54 [manticore/volley of spikes (7)]
 18187 | D:10     | HP: 2/54 [tengu warrior/arrow (8)]
 18193 | D:10     | Killed a manticore
 18194 | D:10     | Reached skill level 5 in Polearms
 18779 | D:10     | HP: 9/54 [tengu warrior/arrow (23)]
 18779 | D:10     | Killed a tengu warrior
 19044 | D:10     | You pick up a book of Frost and begin reading...
 19044 | D:10     | You add the spells Freeze and Frozen Ramparts to your
                  | library.
 19179 | Lair:1   | Entered Level 1 of the Lair of Beasts
 19185 | Lair:1   | Reached skill level 11 in Necromancy
 19264 | Lair:1   | Reached XP level 12. HP: 59/59 MP: 20/23
 19994 | Lair:2   | Reached skill level 1 in Evocations
 20045 | Lair:2   | Reached skill level 7 in Spellcasting
 20535 | Lair:2   | Reached skill level 2 in Evocations
 20788 | Lair:2   | Noticed a seven-headed hydra
 20798 | Lair:2   | Killed a seven-headed hydra
 21273 | Lair:3   | Reached skill level 12 in Necromancy
 21303 | Lair:3   | Noticed Gastronok
 22585 | Lair:3   | HP: 5/59 [electric eel/bolt of electricity (10)]
 22973 | Lair:2   | Reached skill level 6 in Stealth
 23118 | Lair:3   | HP: 10/59 [electric eel/bolt of electricity (9)]
 23876 | Lair:3   | Killed Gastronok
 23877 | Lair:3   | Reached skill level 1 in Fighting
 24245 | Lair:3   | Reached skill level 2 in Fighting
 24362 | Lair:3   | Noticed a four-headed hydra
 24374 | Lair:3   | Killed a four-headed hydra
 24822 | Lair:3   | Found a staircase to the Snake Pit.
 25672 | Lair:4   | You are sucked into a shaft and drop 2 floors!
 25672 | Lair:6   | Entered Level 6 of the Lair of Beasts
 25678 | Lair:6   | Found a runed translucent door.
 25679 | Lair:6   | Noticed Icepheonix32's ghost (journeyman DsFi)
 25702 | Lair:6   | Reached skill level 7 in Stealth
 25702 | Lair:6   | Reached skill level 13 in Necromancy
 25725 | Lair:6   | Reached skill level 3 in Fighting
 25725 | Lair:6   | Reached skill level 8 in Spellcasting
 25828 | Lair:5   | Reached XP level 13. HP: 68/68 MP: 13/26
 26162 | Lair:5   | Found a staircase to the Slime Pits.
 26376 | Lair:5   | Noticed Kirke
 26481 | Lair:5   | Noticed Rupert
 26773 | Lair:5   | Learned a level 5 spell: Borgnjor's Vile Clutch
 26781 | Lair:5   | Learned a level 7 spell: Summon Hydra
 27002 | Lair:4   | Reached skill level 4 in Fighting
 27005 | Lair:4   | Identified the +1 robe "Oghuicin" {Dex+7}
 27504 | Lair:4   | Reached skill level 8 in Stealth
 27509 | Lair:4   | Reached skill level 14 in Necromancy
 27593 | Lair:4   | HP: 11/72 [blink frog (16)]
 27621 | Lair:4   | HP: 4/72 [blink frog (13)]
 27922 | Lair:4   | You pick up a book of Debilitation and begin reading...
 27922 | Lair:4   | You add the spells Slow and Confusing Touch to your
                  | library.
 28217 | Lair:4   | Reached skill level 5 in Fighting
 28677 | Lair:4   | Found a staircase to the Swamp.
 29103 | Lair:5   | Reached ***** piety under Kikubaaqudgha
 29203 | Lair:5   | Reached skill level 9 in Spellcasting
 29250 | Lair:6   | HP: 17/72 [hog[Kirke] (7)]
 29256 | Lair:6   | HP: 16/72 [hog[Kirke] (2)]
 29761 | Lair:5   | Killed Rupert
 29768 | Lair:5   | U - a +4 executioner's axe of electrocution {axerare=g}
 29836 | Lair:5   | You drop a +4 executioner's axe of electrocution
                  | {axerare=g}.
 30343 | Lair:5   | Killed Kirke
 30344 | Lair:5   | Reached XP level 14. HP: 79/79 MP: 17/28
 30444 | Lair:5   | Reached skill level 9 in Stealth
 30610 | Lair:5   | U - a +4 executioner's axe of electrocution {axerare=g}
 30691 | Lair:5   | You drop a +4 executioner's axe of electrocution
                  | {axerare=g}.
 30696 | Lair:5   | U - a +4 executioner's axe of electrocution {axerare=g}
 30774 | Lair:6   | Reached skill level 15 in Necromancy
 30971 | Lair:6   | Reached skill level 6 in Fighting
 33439 | Lair:6   | Reached skill level 7 in Fighting
 33439 | Lair:6   | Reached skill level 10 in Stealth
 33439 | Lair:6   | Reached skill level 16 in Necromancy
 33636 | Lair:6   | Reached skill level 10 in Spellcasting
 34643 | Lair:6   | Identified the +1 hunting sling of Mynnit {vorpal, rF+ rN+
                  | Will- Stlth+}
 34813 | Orc:1    | Entered Level 1 of the Orcish Mines
 35159 | Orc:1    | Identified a +1 robe of the Archmagi
 35159 | Orc:1    | Noticed Jorgrun
 35159 | Orc:1    | Noticed Erolcha
 35185 | Orc:2    | Entered Level 2 of the Orcish Mines
 35191 | Orc:2    | Noticed Maurice
 35267 | Orc:2    | HP: 12/82 [orc priest/divine providence (13)]
 35269 | Orc:2    | HP: 2/82 [centaur/arrow (11)]
 35272 | Orc:2    | Shot with an arrow by a centaur

Vanquished Creatures
  A hydra (Lair:6)
  A black mamba (Lair:5)
  A raiju (Lair:6)
  A vampire (D:10)
  A hog (Lair:6)
  A black bear (Lair:6)
  3 wolves (Lair:6)
  2 electric eels (Lair:3)
  A hound (D:5)
  An iguana (Lair:6)
  An orc wizard (D:10)
  An orc (Orc:2)
  A ball python (D:1)
  A bat (D:1)
  An endoplasm (D:3)
  A giant cockroach (D:1)
  2 rats
21 creatures vanquished.

Vanquished Creatures (collateral kills)
  Rupert (Lair:5)
  Gastronok (Lair:3)
  Kirke (Lair:5)
  A fire dragon (Lair:6)
  5 hydras
  A tengu warrior (D:10)
  A two-headed ogre (D:10)
  5 death yaks (Lair:4)
  A swamp dragon (Lair:6)
  A lindwurm (Lair:5)
  A deep elf pyromancer (D:10)
  A necromancer (Lair:3)
  3 oklob plants
  6 elephants (Lair:6)
  2 black mambas
  6 cane toads
  A gargoyle (D:10)
  7 rime drakes
  10 komodo dragons
  2 kobold demonologists (D:10)
  11 polar bears
  A tyrant leech (Lair:4)
  12 blink frogs
  2 raiju (Lair:6)
  14 yaks
  A wraith (D:10)
  3 wyverns
  5 basilisks
  3 hogs (Lair:5)
  A steam dragon (Lair:6)
  2 nagas (Lair:3)
  4 swamp worms (Lair:4)
  4 wargs (Lair:6)
  14 hell hounds (Lair:6)
  2 acid dragons (Lair:6)
  Duvessa (D:7)
  20 water moccasins
  8 orc warriors
  A hornet zombie (D:8)
  14 black bears
  A swamp drake (Lair:6)
  A sky beast (D:6)
  An elephant zombie (Lair:3)
  2 necrophages
  3 ogres
  32 wolves
  2 lemures (D:7)
  2 centaurs
  4 kobold brigands
  3 wyvern zombies
  A komodo dragon zombie (Lair:3)
  15 bullfrogs
  Dowan (D:7)
  A water moccasin skeleton (D:4)
  7 killer bees
  12 wights
  6 centaur zombies
  A human zombie (Ossuary)
  A bullfrog zombie (D:5)
  3 hounds (D:4)
  5 orc priests
  A bullfrog skeleton (D:5)
  A centaur skeleton (D:7)
  4 orc wizards
  2 scorpion zombies
  9 iguanas
  2 hell rats (Lair:2)
  A hound skeleton (D:4)
  4 mummies (Ossuary)
  A howler monkey zombie (D:9)
  7 gnolls
  4 adders
  11 river rats (D:5)
  An adder zombie (D:3)
  An adder skeleton (D:3)
  A worm (D:2)
  3 dart slugs (D:1)
  28 orcs
  8 endoplasms
  3 giant cockroaches
  A gnoll zombie (Ossuary)
  10 goblins
  12 hobgoblins
  A jackal (D:5)
  9 quokkas
  10 ball pythons
  A ball python zombie (D:3)
  4 bats
  3 frilled lizards
  27 kobolds
  A kobold zombie (Ossuary)
  An orc zombie (Ossuary)
  12 rats
468 creatures vanquished.

Vanquished Creatures (others)
  An orc warlord (Bailey)
  A death yak (Lair:4)
  2 oklob plants (Lair:5)
  Pikel (D:7)
  2 manticores
  A wolf spider (D:10)
  A black mamba (Lair:3)
  A cane toad (Lair:3)
  A kobold demonologist (D:10)
  2 yaks (Lair:2)
  A basilisk (D:10)
  A vampire mosquito (D:10)
  A swamp worm (Lair:4)
  5 orc warriors
  An ogre (Orc:2)
  2 wolves (Lair:2)
  2 centaurs (D:9)
  A kobold brigand (D:10)
  3 bullfrogs
  3 killer bees
  8 wights
  4 hell rats (Lair:2)
  An orc (D:8)
  56 fungi
  104 plants
206 creatures vanquished.

Grand Total: 695 creatures vanquished

Table legend:
 A = Non-vault XP
 B = Vault XP
 C = Vault XP percentage of total XP
 D = Non-vault monster count
 E = Vault monster count
 F = Vault count percentage of total count
                 A         B        C        D         E       F
            +---------+---------+-------+---------+---------+-------
      Total |   44665 |   34439 |  43.5 |     333 |     200 |  37.5
            +---------+---------+-------+---------+---------+-------
        D:1 |      76 |       0 |   0.0 |      33 |       0 |   0.0
        D:2 |      36 |       0 |   0.0 |      13 |       0 |   0.0
        D:3 |      23 |      48 |  67.6 |      14 |       4 |  22.2
        D:4 |     439 |       0 |   0.0 |      19 |       0 |   0.0
        D:5 |     351 |     484 |  58.0 |      13 |      31 |  70.5
        D:6 |     170 |     203 |  54.4 |       3 |       2 |  40.0
        D:7 |     538 |     768 |  58.8 |       7 |       7 |  50.0
        D:8 |    1619 |       0 |   0.0 |      30 |       0 |   0.0
        D:9 |    1660 |       0 |   0.0 |      27 |       0 |   0.0
       D:10 |    3684 |    5735 |  60.9 |      19 |      24 |  55.8
     Lair:1 |     824 |       0 |   0.0 |       4 |       0 |   0.0
     Lair:2 |    4826 |     151 |   3.0 |      33 |       1 |   2.9
     Lair:3 |    4608 |    2631 |  36.3 |      17 |       6 |  26.1
     Lair:4 |   11006 |    1107 |   9.1 |      33 |       6 |  15.4
     Lair:5 |    5637 |    6046 |  51.8 |      21 |       9 |  30.0
     Lair:6 |    7781 |   15107 |  66.0 |      22 |      73 |  76.8
      Orc:1 |    1141 |       0 |   0.0 |      22 |       0 |   0.0
      Orc:2 |     246 |       0 |   0.0 |       3 |       0 |   0.0
    Ossuary |       0 |     312 | 100.0 |       0 |      12 | 100.0
     Bailey |       0 |    1847 | 100.0 |       0 |      25 | 100.0
            +---------+---------+-------+---------+---------+-------

Illustrated notes

Table legend:
 A = Kills in this place as a percentage of kills in entire the game.
 B = Kills by you in this place as a percentage of kills by you in the entire game.
 C = Kills by friends in this place as a percentage of kills by friends in the entire game.
 D = Other kills in this place as a percentage of other kills in the entire game.
 E = Experience gained in this place as a percentage of experience gained in the entire game.
 F = Experience gained in this place divided by the number of levels of this place that you have seen.
                   A       B       C       D       E      F
               +-------+-------+-------+-------+-------+----------------------
         Total | 100.0 | 100.0 | 100.0 | 100.0 | 100.0 | 3766.9
       Dungeon |  46.2 |  42.9 |  45.5 |  54.3 |  20.0 | 1583.4
          Lair |  42.2 |  52.4 |  42.3 |  37.0 |  75.5 | 9954.0
  Orcish Mines |   4.7 |   4.8 |   4.9 |   2.2 |   1.8 | 693.5
       Ossuary |   2.3 |   0.0 |   2.6 |   0.0 |   0.4 | 312.0
        Bailey |   4.7 |   0.0 |   4.7 |   6.5 |   2.3 | 1847.0
               +-------+-------+-------+-------+-------+----------------------

Table legend: (Time is in decaauts)
 A = Elapsed time spent in this place.
 B = Non-inter-level travel time spent in this place.
 C = Inter-level travel time spent in this place.
 D = Time resting spent in this place.
 E = Time spent auto-exploring this place.
 F = Levels seen in this place.
 G = Mean time per level.
                   A        B        C        D        E       F      G
               +--------+--------+--------+--------+--------+-----+--------+
         Total |  34058 |  32368 |   1690 |  16550 |   4307 |  21 | 1621.8 |
       Dungeon |  17279 |  16510 |    769 |   8012 |   2823 |  10 | 1727.9 |
        Temple |    241 |    181 |     60 |      0 |    165 |   1 |  241.0 |
          Lair |  15047 |  14187 |    860 |   7856 |   1318 |   6 | 2507.8 |
  Orcish Mines |    440 |    440 |      0 |    179 |      0 |   2 |  220.0 |
       Ossuary |    343 |    343 |      0 |    112 |      0 |   1 |  343.0 |
        Bailey |    706 |    706 |      0 |    391 |      0 |   1 |  706.0 |
               +--------+--------+--------+--------+--------+-----+--------+

Top non-repeatable levels by time:
  Lair:6: 4208 daAuts
  Lair:2: 3827 daAuts
     D:1: 3298 daAuts
    D:10: 3047 daAuts
  Lair:3: 2608 daAuts
  Lair:5: 2577 daAuts
     D:8: 2017 daAuts
     D:9: 1920 daAuts
     D:4: 1894 daAuts
     D:5: 1388 daAuts
  Lair:4: 1299 daAuts
     D:7: 1184 daAuts
     D:2: 969 daAuts
     D:3: 962 daAuts
  Bailey: 706 daAuts
